 Dungeon Crawl Stone Soup version 0.31-a0-187-gba352fbbf7 (webtiles) character file.

Game seed: 6061718408028178193

453 qw the Skirmisher (level 6, 0/35 HPs)
             Began as a Deep Elf Hunter on June 22, 2023.
             Slain by a gnoll
             ... wielding a +0 halberd
              (3 damage)
             ... on level 4 of the Dungeon.
             The game lasted 00:01:09 (2512 turns).

qw the Skirmisher (Deep Elf Hunter)                 Turns: 2512, Time: 00:01:10

Health: 0/35       AC:  5    Str: 10    XL:     6   Next: 75%
Magic:  8/8        EV: 11    Int: 14    God:
Gold:   184        SH:  5    Dex: 18    Spells: 5/5 levels left

rFire   + . .        Y - +1 shortbow (drain)
rCold   . . .        (shield currently unavailable)
rNeg    . . .        g - +0 ring mail
rPois   .            (no helmet)
rElec   .            (no cloak)
rCorr   .            (no gloves)
SInv    .            (no boots)
Will    .....        b - amulet of reflection
Stlth   +            f - ring of protection from fire
HPRegen 0.25/turn    (no ring)
MPRegen 0.11/turn

%: reflection
@: no status effects
A: no striking features
a: no special abilities


You were on level 4 of the Dungeon.
You visited 1 branch of the dungeon, and saw 4 of its levels.

You collected 184 gold pieces.


   Skills:
 - Level 2.0 Fighting
 + Level 10.3 Ranged Weapons
 - Level 3.0 Dodging
 - Level 1.2 Stealth


You had 5 spell levels left.
You didn't know any spells.
Your spell library was empty.

Inventory:

Hand Weapons
 Y - a +1 shortbow of draining (weapon)
Armour
 d - a +0 pair of gloves
 g - a +0 ring mail (worn)
Jewellery
 b - an amulet of reflection (around neck)
 f - a ring of protection from fire (left hand)
Scrolls
 a - a scroll of identify
Potions
 c - a potion of cancellation {unknown}
 e - a potion of curing
 h - 2 potions of might
 i - a potion of ambrosia {unknown}
 j - a potion of lignification {unknown}

Dungeon Overview and Level Annotations

Branches:
Dungeon (4/15)
 Temple: D:4-7

Altars:
Nemelex Xobeh
Vehumet
Zin


Message History

You block the gnoll's attack.
You shoot an arrow.
The arrow hits the gnoll but does no damage.
You drain the gnoll.
The gnoll is almost dead.
The gnoll hits you from afar with a +0 halberd.
You block the orc's attack. The gnoll barely misses you.
You shoot an arrow. The arrow hits the gnoll!
You kill the gnoll!
The gnoll hits you from afar with a +0 halberd.
The orc barely misses you.
You shoot an arrow. The arrow hits the orc.
The orc is almost dead.
The gnoll closely misses you. The orc misses you.
You shoot an arrow. The arrow hits the orc.
You kill the orc!
The gnoll hits you from afar with a +0 halberd.
You shoot an arrow. The arrow barely misses the gnoll.
The arrow completely misses the gnoll.
The gnoll hits you from afar with a +0 halberd!
You shoot an arrow. The arrow hits the gnoll.
The gnoll is heavily wounded.
You block the gnoll's attack. The gnoll barely misses you.
You shoot an arrow.
The arrow hits the gnoll but does no damage.
You drain the gnoll.
The gnoll is severely wounded.
The gnoll closely misses you. You block the orc's attack.
The gnoll hits you with a +0 flail.
You shoot an arrow. The arrow hits the gnoll.
You drain the gnoll.
You kill the gnoll!
You block the gnoll's attack. The orc hits you but does no damage.
Your Dodging skill increases to level 3!
You shoot an arrow. The arrow hits the orc.
You drain the orc.
You kill the orc!
You block the gnoll's attack.
You shoot an arrow. The arrow hits the gnoll.
The gnoll is lightly wounded.
The gnoll hits you from afar with a +0 halberd.
You die...

....)....)...........'.#
....#....#...........#.#
######################.#
....... #...)..# .......
#..)...# ..).. ##'###.#


.gg #....#.# ######g###....#.# #.....)@.'....#+# ############### You could see 3
gnolls.

Vanquished Creatures
  Menkaure (D:4)
  A kobold brigand (D:4)
  An iguana (D:4)
  10 gnolls
  2 adders
  2 worms (D:2)
  3 dart slugs (D:2)
  21 orcs
  5 bats
  5 endoplasms
  5 giant cockroaches
  5 hobgoblins
  8 jackals
  6 quokkas
  5 ball pythons
  4 frilled lizards
  8 goblins
  7 kobolds
  2 rats
101 creatures vanquished.

Notes
Turn   | Place    | Note
-------+----------+-------------------------------------------
     0 | D:1      | qw the Deep Elf Hunter began the quest for the Orb.
     0 | D:1      | Reached XP level 1. HP: 12/12 MP: 3/3
     0 | D:1      | 0 ||| qw: Version: 0.3-a-9-g12657ce
     0 | D:1      | 0 ||| qw: Game counter: 2211
     0 | D:1      | 0 ||| qw: Always use a shield: true
     0 | D:1      | 0 ||| qw: God list: Okawaru
     0 | D:1      | 0 ||| qw: Allow faded altars: false
     0 | D:1      | 0 ||| qw: Do Orc after D:15 true
     0 | D:1      | 0 ||| qw: Do second Lair branch before Depths: true
     0 | D:1      | 0 ||| qw: Lair rune preference: random
     0 | D:1      | 0 ||| qw: Plans: Normal
     0 | D:1      | 0 ||| PLANNING D:1-11
    69 | D:1      | Reached XP level 2. HP: 16/16 MP: 4/4
    73 | D:1      | Reached skill level 6 in Ranged Weapons
   713 | D:1      | 713 ||| READING 2 scrolls labelled AVASSE MEMM.
   714 | D:1      | 714 ||| READING scroll labelled ZAOTSUI TYUSIPU.
   715 | D:1      | 715 ||| READING scroll labelled FORIPA RIWUG.
   716 | D:1      | 716 ||| READING scroll labelled OXTUOSMIERPH.
   717 | D:1      | 717 ||| DROPPING scroll of amnesia.
   718 | D:1      | 718 ||| DROPPING scroll of butterflies.
   817 | D:2      | Reached XP level 3. HP: 20/20 MP: 5/5
   935 | D:2      | Reached skill level 7 in Ranged Weapons
   952 | D:2      | 952 ||| FLEEEEING.
  1002 | D:2      | 1002 ||| Stepping ~*~*~tactically~*~*~ (outnumbered).
  1004 | D:2      | 1004 ||| Stepping ~*~*~tactically~*~*~ (outnumbered).
  1019 | D:2      | Reached XP level 4. HP: 8/25 MP: 6/6
  1409 | D:2      | 1409 ||| UPGRADING to amulet of reflection.
  1414 | D:2      | 1414 ||| READING 2 scrolls of identify.
  1414 | D:2      | 1414 ||| IDENTIFYING purple potion
  1512 | D:3      | Found a glowing silver altar of Zin.
  1711 | D:3      | Reached skill level 8 in Ranged Weapons
  2059 | D:3      | 2059 ||| UPGRADING to +0 ring mail.
  2069 | D:3      | 2069 ||| DROPPING +0 leather armour.
  2070 | D:3      | 2070 ||| UPGRADING to ring of protection from fire.
  2071 | D:3      | 2071 ||| READING scroll labelled NOOSKA LOTIMME.
  2076 | D:3      | 2076 ||| READING 2 scrolls of identify.
  2076 | D:3      | 2076 ||| IDENTIFYING fizzy yellow potion
  2115 | D:4      | Reached XP level 5. HP: 29/29 MP: 7/7
  2208 | D:4      | Found a radiant altar of Vehumet.
  2209 | D:4      | Found a sparkling altar of Nemelex Xobeh.
  2293 | D:4      | 2293 ||| READING scroll labelled OMOANU HEUPROTZUKK.
  2296 | D:4      | Noticed Menkaure
  2310 | D:4      | HP: 7/29 [Menkaure/nerve-wracking pain (2)]
  2311 | D:4      | Killed Menkaure
  2312 | D:4      | Reached skill level 9 in Ranged Weapons
  2312 | D:4      | Reached XP level 6. HP: 6/34 MP: 8/8
  2315 | D:4      | HP: 5/34 [orc/+0 hand axe (2)]
  2495 | D:4      | Reached skill level 10 in Ranged Weapons
  2507 | D:4      | HP: 4/35 [gnoll/+0 halberd (11)]
  2511 | D:4      | Reached skill level 3 in Dodging
  2512 | D:4      | Slain by a gnoll

Levels and vault maps discovered:
D:1:      sevenhm_arrival_forest_fort_small_3, layout_basic,
          minmay_misc_feat_diagonals
D:2:      minmay_recursive_quarters, layout_rooms, serial_park_tiny_1,
          minmay_misc_feat_x, serial_bayou_lagoon_a, nrook_mini_vaults,
          minmay_goblin_outpost
D:3:      layout_loops_cross, zin_academy, hangedman_abyss_or_decor_stabs,
          kennysheep_path_1
D:4:      lemuel_castle_with_subvaults [lemuel_castle_interior_carwin_1],
          layout_cave_pods, mainiacjoe_overflow_divided_tiny,
          worldfamousw_hep_ancestral_shrine, serial_shops,
          nicolae_shop_behind_doors, uniq_menkaure

Skill      XL: |  1  2  3  4  5  6 |
---------------+-------------------+-----
Ranged Weapons | 6 7 8 9 10 | 10.3
Fighting       | 2 |  2.0
Dodging        | 3 |  3.0
Stealth        | |  1.2

Action                     |  1- 3 |  4- 6 || total
---------------------------+-------+-------++-------
   Fire: Shortbow          |   102 |   161 ||   263
    Use: Scroll            |     4 |     4 ||     8
 Armour: Leather armour    |     5 |     5 ||    10
         Ring mail         |       |     9 ||     9
  Dodge: Dodged            |    16 |    39 ||    55
  Block: Other             |       |    18 ||    18

Table legend:
 A = Non-vault XP
 B = Vault XP
 C = Vault XP percentage of total XP
 D = Non-vault monster count
 E = Vault monster count
 F = Vault count percentage of total count
                 A         B        C        D         E       F
            +---------+---------+-------+---------+---------+-------
      Total |     179 |     469 |  72.4 |      61 |      40 |  39.6
            +---------+---------+-------+---------+---------+-------
        D:1 |      33 |       0 |   0.0 |      21 |       0 |   0.0
        D:2 |      63 |      32 |  33.7 |      24 |       9 |  27.3
        D:3 |      42 |       0 |   0.0 |      13 |       0 |   0.0
        D:4 |      41 |     437 |  91.4 |       3 |      31 |  91.2
            +---------+---------+-------+---------+---------+-------
